Map: Port Aleksander LE

Players

IllIlllIllII

  • Race: Protoss Protoss
  • League: Master
  • Spawn Location: 11:00

Lambo - Winner!

  • Race: Zerg Zerg
  • League: Grandmaster
  • Spawn Location: 5:00

VOD

Have the link to the VOD?

Description

Time

  • Played on: Feb. 11, 2019, 8:41 a.m.
  • Length: 9:26
Show
View Real Time Build Order
Export as new Build Order

IllIlllIllII Protoss 

Build Orders: 1 Gate Expand, Archon Immortal, Archon Drop, Dark Templar Rush 

Get SALT Encoding   

  12  0:00  Probe  
  13  0:12  Probe  
  14  0:20  Pylon  
  14  0:24  Probe  
  15  0:34  Probe  
  15  0:42  Gateway, Probe  
  16  0:47  Assimilator  
  17  0:52  Probe  
  18  1:04  Probe  
  19  1:16  Probe  
  20  1:26  Nexus  
  20  1:35  Cybernetics Core  
  20  1:39  Probe  
  21  1:48  Assimilator  
  21  1:51  Probe  
  22  1:57  Pylon  
  22  2:04  Probe  
  22  2:05  Adept  
  23  2:12  Probe  
  25  2:21  Probe  
  26  2:26  Stalker  
  26  2:27  Warp Gate  
  27  2:32  Probe  
  30  2:38  Probe  
  30  2:42  Twilight Council  
  31  2:51  Probe x2  
  33  3:02  Probe  
  33  3:03  Probe  
  33  3:04  Robotics Facility  
  35  3:10  Probe  
  35  3:15  Probe  
  35  3:17  Gateway  
  35  3:18  Probe  
  38  3:27  Probe  
  38  3:30  Dark Shrine, Probe  
  40  3:39  Probe  
  40  3:41  Warp Prism  
  41  3:42  Probe  
  41  3:43  Gateway  
  41  3:45  Gateway  
  42  3:55  Pylon  
  44  3:57  Probe x2  
  46  4:03  Pylon  
  46  4:06  Assimilator  
  46  4:09  Assimilator  
  46  4:13  Probe  
  46  4:14  Probe, Warp Prism  
  46  4:16  Pylon  
  48  4:25  Probe  
  51  4:31  Probe  
  52  4:44  Dark Templar x4  
  60  4:47  Probe x2  
  60  4:52  Pylon  
  62  5:11  Immortal  
  65  5:15  Archon x2  
  65  5:17  Zealot  
  65  5:19  Dark Templar x2  
  65  5:20  Zealot  
  71  5:23  Probe x2  
  71  5:24  Pylon  
  73  5:32  Forge  
  73  5:33  Pylon  
  73  5:35  Probe x2  
  75  5:47  Probe x2  
  77  5:53  Protoss Ground Weapons Level 1, Archon  
  77  5:54  Dark Templar x2  
  77  5:55  Dark Templar  
  83  6:02  Archon  
  83  6:04  Probe x2  
  83  6:05  Immortal  
  89  6:16  Probe x2  
  91  6:19  Nexus  
  91  6:28  Probe x2  
  93  6:34  Pylon  
  93  6:40  Probe  
  92  6:53  Charge  
  96  6:55  Probe x2  
  96  7:00  Sentry x2  
  102  7:03  Gateway  
  102  7:05  Gateway  
  102  7:12  Immortal  
  102  7:25  Robotics Facility  
  102  7:30  Probe x2  
  102  7:37  Probe  
  105  7:40  Gateway, Zealot  
  105  7:42  Probe x2, Gateway, Pylon, Zealot  
  105  7:43  Zealot x2, Pylon  
  115  7:44  Pylon  
  115  7:46  Assimilator  
  115  7:49  Probe, Assimilator  
  115  7:50  Immortal  
  116  7:54  Probe  
  117  8:04  Stalker x3  
  127  8:08  Pylon  
  127  8:11  Pylon  
  127  8:16  Templar Archives  
  127  8:29  Immortal  
  131  8:36  Dark Templar x4  
  111  8:51  Zealot  
  102  8:58  Zealot  
  100  9:09  Zealot x2  
  106  9:10  Zealot  
Show
View Real Time Build Order
Export as new Build Order

Lambo Zerg - Winner!

Build Orders: Hatch First 

Get SALT Encoding   

  12  0:00  Drone  
  13  0:12  Overlord  
  13  0:18  Drone  
  14  0:32  Drone x2  
  16  0:49  Hatchery  
  15  0:52  Drone  
  15  0:56  Drone  
  17  1:00  Drone  
  18  1:10  Extractor  
  17  1:15  Spawning Pool  
  17  1:18  Drone  
  17  1:21  Drone  
  18  1:28  Drone  
  19  1:38  Drone  
  20  1:53  Overlord  
  20  2:02  Queen x2  
  20  2:04  Zergling x4  
  26  2:13  Metabolic Boost  
  26  2:14  Drone  
  27  2:16  Drone  
  28  2:23  Drone x2  
  30  2:41  Drone, Hatchery  
  30  2:43  Drone  
  31  2:47  Drone  
  31  2:50  Overlord  
  32  2:59  Drone  
  32  3:02  Queen  
  32  3:05  Drone  
  35  3:10  Drone x2  
  37  3:13  Drone x3  
  37  3:18  Drone  
  41  3:21  Zergling x2  
  41  3:22  Zergling x2  
  43  3:27  Overlord  
  43  3:34  Roach Warren  
  43  3:37  Drone  
  43  3:39  Lair  
  43  3:44  Extractor  
  43  3:45  Drone  
  43  3:46  Extractor, Overlord  
  43  3:47  Drone x2  
  44  3:49  Drone  
  44  3:51  Drone  
  44  3:53  Drone  
  44  3:54  Drone  
  48  3:57  Drone  
  48  3:59  Drone  
  50  4:11  Drone x2  
  50  4:12  Drone  
  50  4:13  Drone x2  
  50  4:15  Overlord  
  55  4:20  Overlord  
  55  4:21  Roach  
  55  4:22  Roach x2  
  61  4:30  Roach x2  
  65  4:37  Overseer  
  65  4:39  Roach x2  
  69  4:52  Glial Reconstitution  
  69  4:55  Drone x3  
  70  5:04  Drone  
  70  5:10  Drone x4  
  70  5:14  Roach x4  
  82  5:15  Overseer  
  82  5:19  Overlord x2  
  81  5:24  Overlord  
  81  5:25  Extractor x2  
  81  5:27  Evolution Chamber, Overlord  
  78  5:29  Overlord  
  78  5:31  Roach x2  
  78  5:32  Overlord  
  81  5:38  Overlord  
  81  5:40  Ravager, Overlord  
  82  5:49  Roach x3  
  88  5:53  Ravager  
  88  5:54  Zerg Missile Weapons Level 1  
  88  5:55  Drone x3  
  88  5:56  Drone x3  
  95  6:00  Ravager  
  95  6:04  Roach x2  
  100  6:05  Overlord  
  100  6:07  Roach x2  
  100  6:09  Overlord  
  104  6:14  Roach  
  104  6:18  Overlord  
  104  6:19  Roach x2  
  104  6:20  Roach  
  104  6:23  Roach  
  104  6:24  Roach  
  110  6:33  Roach x2  
  110  6:34  Roach x2  
  114  6:41  Roach x4  
  114  6:45  Roach x2  
  122  6:47  Roach  
  122  6:52  Roach  
  122  6:53  Ravager  
  125  7:00  Drone x4  
  130  7:01  Drone  
  130  7:05  Ravager  
  130  7:06  Drone  
  132  7:13  Roach x2  
  135  7:18  Queen  
  135  7:20  Roach  
  138  7:27  Roach x2  
  142  7:33  Roach x3  
  148  7:38  Overlord  
  148  7:39  Roach x2  
  152  7:46  Roach  
  154  7:56  Roach x4  
  161  8:01  Roach  
  161  8:07  Overlord x2  
  161  8:08  Ravager  
  161  8:22  Ravager  
  161  8:23  Overlord  
  161  8:26  Roach x8  
  177  8:30  Roach  
  177  8:32  Overlord  
  178  8:40  Queen  
  170  8:45  Roach x7  
  176  8:51  Roach x3  
  175  8:55  Roach  
  175  8:58  Roach  
  173  9:03  Roach  
  173  9:06  Roach  
Tags
 
Add a new tag
Caveats
  • Supply blocks, unpowered buildings, or Contaminate may cause inaccurate times.
  • Supply counts are checked every 10 seconds.